 Dungeon Crawl Stone Soup version 0.24-a0-67-ga78bd38 (webtiles) character file.

Game seed: 4545101081642548318

21 Amnesiac the Chiller (level 2, 0/15 HPs)
             Began as a Deep Elf Ice Elementalist on Feb 5, 2019.
             Slain by a hound (2 damage)
             ... on level 4 of the Dungeon.
             The game lasted 00:01:53 (353 turns).

Amnesiac the Chiller (Deep Elf Ice Elementalist)     Turns: 353, Time: 00:01:54

Health: 0/15       AC:  2    Str:  5    XL:     2   Next: 65%
Magic:  6/8        EV: 13    Int: 24    God:
Gold:   43         SH:  0    Dex: 15    Spells: 7/8 levels left

rFire    . . .     SeeInvis .   (no weapon)
rCold    . . .     Gourm    .   (no shield)
rNeg     . . .     Faith    .   a - +0 robe
rPois    .         Spirit   .   (no helmet)
rElec    .         Reflect  .   (no cloak)
rCorr    .         Harm     .   (no gloves)
MR       .....                  (no boots)
Stlth    ++........             f - amulet of regeneration
HPRegen  0.45/turn              (no ring)
MPRegen  0.11/turn              (no ring)

@: brilliant, very slightly contaminated
A: no striking features
a: no special abilities


You were on level 4 of the Dungeon.
You were not hungry.

You visited 1 branch of the dungeon, and saw 4 of its levels.

You collected 43 gold pieces.

Inventory:

Armour
 a - a +0 robe (worn)
 b - a +0 shield
Jewellery
 f - an amulet of regeneration (around neck)
Comestibles
 c - a ration
 d - 3 chunks of flesh


   Skills:
 - Level 2.4 Dodging
 - Level 2.4 Stealth
 + Level 3.5 Spellcasting
   Level 1.1 Conjurations
 * Level 4.1 Ice Magic


You had 7 spell levels left.
You knew the following spells:

 Your Spells              Type           Power        Failure   Level  Hunger
a - Freeze                Ice            ####         1%          1    None

Your spell library contained the following spells:

 Spells                   Type           Power        Failure   Level  Hunger
 Throw Frost              Conj/Ice       ####..       1%          2    #......
 Ozocubu's Armour         Chrm/Ice       ####....     1%          3    ###....
 Throw Icicle             Conj/Ice       ####....     4%          4    ####...
 Summon Ice Beast         Ice/Summ       ####....     5%          4    ####...


Dungeon Overview and Level Annotations

Branches:
Dungeon (4/15)
 Temple: D:4-7

Altars:
Nemelex Xobeh

Annotations:
D:4 Robin


Message History

Aiming: Freeze (safe; 2% risk of failure)
Press: ? - help, Shift-Dir - straight line, f - goblin
Aim: a goblin, wielding a +0 club You freeze the goblin!
You kill the goblin!
Casting: Freeze (safe; 2% risk of failure)
Confirm with . or Enter, or press ? or * to list all spells.
Aiming: Freeze (safe; 2% risk of failure)
Press: ? - help, Shift-Dir - straight line, f - goblin
Aim: a goblin, wielding a +0 club You freeze the goblin.
You kill the goblin!
The hobgoblin hits you but does no damage.
The goblin shoots a stone.
The stone misses you.
The goblin shoots a stone.
The stone hits you.
You see here 2 stones.
Really read
g - a scroll labeled WILIYTT AWINU {!r}?
Blink to where?
Press: ? - help, Dir - move target cursor You are very lightly contaminated with residual magic.
As you read the scroll labeled WILIYTT AWINU {!r}, it crumbles to dust.
It was a scroll of blinking {!r}.
A goblin comes into view. It is wielding a +0 club.
The goblin shoots a stone.
The stone closely misses you.
The goblin shoots a stone.
The stone hits you!
* * * LOW HITPOINT WARNING * * *
You see here a stone.
The goblin closely misses you.
A hound comes into view.
Okay, then.
The hound barks!
You hear a shout!
An adder comes into view.
Really quaff
e - an amethyst potion {!q}?
It was a potion of brilliance {!q}.
You feel clever all of a sudden.
Found a viscous silvery potion.
The hound misses you. The goblin barely misses you.
Found 5 tomahawks.
The hound barely misses you. The hound bites you.
* * * LOW HITPOINT WARNING * * *
A leopard gecko comes into view.
The hound barely misses you. The hound closely misses you.
The hound misses you.
Casting: Freeze (safe; 1% risk of failure)
Confirm with . or Enter, or press ? or * to list all spells.
Aiming: Freeze (safe; 1% risk of failure)
Press: ? - help, Shift-Dir - straight line, f - hound
Aim: a hound You freeze the hound!
The hound is heavily wounded.
The leopard gecko hisses angrily.
The hound bites you.
* * * LOW HITPOINT WARNING * * *
The hound closely misses you.
Casting: Freeze (safe; 1% risk of failure)
Confirm with . or Enter, or press ? or * to list all spells.
Aiming: Freeze (safe; 1% risk of failure)
Press: ? - help, Shift-Dir - straight line, f/p - hound
Aim: a hound (heavily wounded)
You freeze the hound.
The hound is severely wounded.
The hound closely misses you. The hound bites you.
You die...

......####........
..........##)....
#.........###..(.
##....##...###.... .##
##................. ....
#..S...............
.....#.gg.ggg........###
......hh####.........##
.....#.@####.....#....##
.... ##................#
.. ##!.........รท.....
#...........#....
...........?......
(.................
....<.............
..................
.........#.......


You could see 2 hounds, an adder and 2 goblins.

Vanquished Creatures
  An adder (D:2)
  2 ball pythons
  A bat (D:1)
  2 giant cockroaches
  4 goblins
  A kobold (D:1)
  A rat (D:2)
12 creatures vanquished.

Notes
Turn   | Place    | Note
-------+----------+-------------------------------------------
     0 | D:1      | Amnesiac the Deep Elf Ice Elementalist began the quest for
                  | the Orb.
     0 | D:1      | Reached XP level 1. HP: 10/10 MP: 6/6
   157 | D:2      | Found a sparkling altar of Nemelex Xobeh.
   173 | D:2      | Reached XP level 2. HP: 15/15 MP: 6/8
   186 | D:2      | Reached skill level 4 in Ice Magic
   307 | D:4      | Noticed Robin
   353 | D:4      | Slain by a hound

Vault maps used:
D:1:      lightli_arrival_noodles
D:2:      nemelex_diamond_rough_becter, uniq_terence
D:3:      chequers_ecumenical_altar_simple, first_ration, uniq_sigmund
D:4:      uniq_robin

Skill      XL: |  1  2 |
---------------+-------+-----
Ice Magic      | 4 |  4.1
Dodging        | |  2.4
Stealth        | |  2.4
Spellcasting   | |  3.5
Conjurations   | |  1.1

Action                   || total
-------------------------++-------
 Cast: Freeze            ||    19
  Use: Scroll            ||     1
       Potion            ||     1
Armor: Robe              ||     6
Dodge: Dodged            ||    38

Table legend:
 A = Non-vault XP
 B = Vault XP
 C = Vault XP percentage of total XP
 D = Non-vault monster count
 E = Vault monster count
 F = Vault count percentage of total count
                 A         B        C        D         E       F
            +---------+---------+-------+---------+---------+-------
      Total |      26 |       5 |  16.1 |       9 |       3 |  25.0
            +---------+---------+-------+---------+---------+-------
        D:1 |       9 |       0 |   0.0 |       5 |       0 |   0.0
        D:2 |      16 |       0 |   0.0 |       3 |       0 |   0.0
        D:3 |       1 |       0 |   0.0 |       1 |       0 |   0.0
        D:4 |       0 |       5 | 100.0 |       0 |       3 | 100.0
            +---------+---------+-------+---------+---------+-------
